 Dungeon Crawl Stone Soup version 0.24-a0-520-g8fd06ad0bc (webtiles) character file.

Game seed: 2788162986099844945

53 CoolPlay the Skirmisher (level 3, -2/31 HPs)
             Began as a Minotaur Wizard on July 26, 2019.
             Was an Initiate of Okawaru.
             Slain by a gnoll
             ... wielding a +0 flail
              (12 damage)
             ... on level 2 of the Dungeon.
             The game lasted 00:08:04 (1972 turns).

CoolPlay the Skirmisher (Minotaur Wizard)           Turns: 1972, Time: 00:08:05

Health: -2/31      AC:  3    Str: 12    XL:     3   Next: 62%
Magic:  5/5        EV: 12    Int: 15    God:    Okawaru [......]
Gold:   26         SH:  0    Dex:  8    Spells: 5/6 levels left

rFire    . . .     SeeInvis .   l - +0 falchion
rCold    . . .     Gourm    .   (no shield)
rNeg     . . .     Faith    .   a - +0 robe
rPois    .         Spirit   .   b - +0 hat
rElec    .         Reflect  .   m - +0 cloak
rCorr    .         Harm     .   (no gloves)
MR       .....                  (no boots)
Stlth    +.........             (no amulet)
HPRegen  0.10/turn              (no ring)
MPRegen  0.09/turn              (no ring)

@: no status effects
A: retaliatory headbutt, horns 2
a: Renounce Religion


You were on level 2 of the Dungeon.
You worshipped Okawaru.
Okawaru was noncommittal.
You were not hungry.

You visited 1 branch of the dungeon, and saw 2 of its levels.

You collected 26 gold pieces.

Inventory:

Hand Weapons
 h - a +0 club
 l - a +0 falchion (weapon)
Missiles
 e - 36 sling bullets
 q - 16 stones (quivered)
Armour
 a - a +0 robe (worn)
 b - a +0 hat (worn)
 c - a +0 scale mail
 m - a +0 cloak (worn)
Jewellery
 f - a +2 ring of dexterity {unknown}
Scrolls
 j - a scroll of random uselessness {unknown}
Potions
 k - a potion of lignification {unknown}
 n - a potion of agility {unknown}
 o - a potion of ambrosia {unknown}
 p - a potion of might {unknown}
Comestibles
 d - a ration


   Skills:
 + Level 3.0 Fighting
 * Level 2.4 Long Blades
 - Level 2.1 Dodging
 - Level 1.5 Stealth
 - Level 2.1 Spellcasting
 - Level 0.6 Conjurations
   Level 0.6 Summonings
   Level 0.6 Translocations


You had 5 spell levels left.
You knew the following spells:

 Your Spells              Type           Power        Failure   Level  Hunger
a - Magic Dart            Conj           #...         17%         1    #......

Your spell library contained the following spells:

 Spells                   Type           Power        Failure   Level  Hunger
 Blink                    Tloc           N/A          26%         2    ###....
 Call Imp                 Summ           #.......     26%         2    ###....
 Slow                     Hex            #.......     32%         2    ###....
 Conjure Flame            Conj/Fire      #.......     50%         3    ###....
 Mephitic Cloud           Conj/Pois/Air  #.......     52%         3    ###....


Dungeon Overview and Level Annotations

Branches:
Dungeon (2/15)

Altars:
Okawaru

Annotations:
D:1 exclusion: leopard gecko


Innate Abilities, Weirdness & Mutations

You reflexively headbutt those who attack you in melee.
You have a pair of horns on your head.


Message History

No target in view!
You start resting.
You start resting.
You climb downwards.
The gnoll hits you with a +0 flail.
There is a stone staircase leading up here.
You hit the gnoll. The gnoll barely misses you.
You hit the gnoll but do no damage. The gnoll barely misses you.
You closely miss the gnoll. The gnoll hits you with a +0 flail.
You hit the gnoll. The gnoll hits you with a +0 flail.
Aim: a gnoll, wielding a +0 flail (lightly wounded)
Okay, then.
You are too injured to fight recklessly!
You are too injured to fight recklessly!
You barely miss the gnoll. The gnoll hits you with a +0 flail.
* * * LOW HITPOINT WARNING * * *
You feel better. The gnoll hits you with a +0 flail.
* * * LOW HITPOINT WARNING * * *
Unknown command.
The gnoll hits you with a +0 flail!
You die...

g^.## .......... .....
........# .... .####
.......## .........g.
....... ....w..####
....b .......###. ## ...
......##.. ...#..#†#
......##g# .......@#
#.....#
.......g...########....#
###..##..#............##
#. .>.. .........### ..
#...# ##.......## ..
....# #....>#..## .
#.... #g.....#†<.
............).....
.....!..g...


You could see a gnoll and a bat.

Vanquished Creatures
  2 gnolls (D:1)
  An ooze (D:2)
  A worm (D:1)
  A leopard gecko (D:2)
  A ball python (D:1)
  4 bats
  2 giant cockroaches (D:1)
  2 goblins (D:1)
  2 hobgoblins (D:1)
  A jackal (D:1)
  2 kobolds
  3 frilled lizards
  3 rats
25 creatures vanquished.

Notes
Turn   | Place    | Note
-------+----------+-------------------------------------------
     0 | D:1      | CoolPlay the Minotaur Wizard began the quest for the Orb.
     0 | D:1      | Reached XP level 1. HP: 14/14 MP: 2/2
   295 | D:1      | Reached skill level 1 in Fighting
   658 | D:1      | Reached skill level 2 in Fighting
   694 | D:1      | Reached XP level 2. HP: 24/24 MP: 2/4
  1059 | D:1      | Found an iron altar of Okawaru.
  1065 | D:1      | Became a worshipper of Warmaster Okawaru
  1581 | D:1      | Reached skill level 1 in Long Blades
  1632 | D:1      | Reached XP level 3. HP: 28/30 MP: 0/5
  1825 | D:1      | Reached skill level 3 in Fighting
  1972 | D:2      | Slain by a gnoll

Levels and vault maps discovered:
D:1:      dpeg_cavernosity, layout_basic, minmay_misc_feat_x,
          hangedman_decor_growths, okawaru_ov_weapons_minmay
D:2:      layout_rooms, first_ration, kennysheep_generic_room_9

Skill      XL: |  1  2  3 |
---------------+----------+-----
Fighting       | 2 3 |  3.0
Long Blades    | 1 2 |  2.4
Dodging        | |  2.1
Stealth        | |  1.5
Spellcasting   | |  2.1
Conjurations   | |  0.6
Summonings     | |  0.6
Translocations | |  0.6

Action                   || total
-------------------------++-------
Melee: Unarmed           ||    26
       Headbutt          ||     9
       Falchion          ||    27
 Cast: Magic Dart        ||    49
  Use: Scroll            ||     3
       Potion            ||     1
  Eat: Chunk             ||     4
Armor: Robe              ||    13
Dodge: Dodged            ||    51
       Rpst.: Falchion   ||     4

Table legend:
 A = Non-vault XP
 B = Vault XP
 C = Vault XP percentage of total XP
 D = Non-vault monster count
 E = Vault monster count
 F = Vault count percentage of total count
                 A         B        C        D         E       F
            +---------+---------+-------+---------+---------+-------
      Total |      70 |       6 |   7.9 |      22 |       3 |  12.0
            +---------+---------+-------+---------+---------+-------
        D:1 |      55 |       6 |   9.8 |      16 |       3 |  15.8
        D:2 |      15 |       0 |   0.0 |       6 |       0 |   0.0
            +---------+---------+-------+---------+---------+-------
